 Dungeon Crawl Stone Soup version 0.28-a0-657-g71136c5590 (webtiles) character file.

Game seed: 2086907366031896748

52 andesha the Skirmisher (level 3, -1/26 HPs)
             Began as a Gargoyle Berserker on Oct 14, 2021.
             Was a Follower of Trog.
             Slain by an iguana (11 damage)
             ... on level 4 of the Dungeon.
             The game lasted 00:14:57 (611 turns).

andesha the Skirmisher (Gargoyle Berserker)          Turns: 611, Time: 00:15:00

Health: -1/26      AC:  6    Str: 18 (21) XL:     3   Next: 85%
Magic:  3/3        EV: 11    Int:  4 (7)  God:    Trog [*.....]
Gold:   54         SH:  0    Dex:  6 (9)  Spells: 2/2 levels left

rFire   . . .      SeeInvis .   a - +0 falchion
rCold   . . .      Faith    .   (no shield)
rNeg    + . .      Spirit   .   b - +1 animal skin
rPois   ∞          Reflect  .   (no helmet)
rElec   +          Harm     .   (no cloak)
rCorr   .          Rampage  .   (no gloves)
Will    .....      Rage     1%  (no boots)
Stlth   +.........              (no amulet)
HPRegen 0.08/turn               (no ring)
MPRegen 0.08/turn               (no ring)

@: no status effects
A: sickness immunity, AC +3, negative energy resistance 1, electricity
resistance, torment resistance 1, petrification resistance, fangs 1, berserk 1,
robust 1
a: Renounce Religion, Berserk


You were on level 4 of the Dungeon.
You worshipped Trog.
Trog was aware of your devotion.
You visited 1 branch of the dungeon, and saw 4 of its levels.

You collected 54 gold pieces.

Inventory:

Hand Weapons
 a - a +0 falchion (weapon)
 d - a +1 quarterstaff of draining
 f - a +0 short sword
 h - a +0 hand axe
Missiles
 e - 28 stones (quivered)
Armour
 b - a +1 animal skin (worn)
 c - a +0 cloak
Scrolls
 g - a scroll of identify


   Skills:
 + Level 4.2 Fighting
 + Level 3.4 Long Blades
 + Level 2.3 Armour
 + Level 1.7 Dodging


You had 2 spell levels left.
You didn't know any spells.
Your spell library contained the following spells:

 Spells                   Type           Power      Damage    Failure   Level
 Summon Small Mammal      Summ           0%         N/A       50%         1
 Call Canine Familiar     Summ           0%         N/A       86%         3
 Summon Guardian Golem    Hex/Summ       0%         N/A       86%         3


Dungeon Overview and Level Annotations

Branches:
Dungeon (4/15)
 Temple: D:4-7

Altars:
Ashenzari
Makhleb


Innate Abilities, Weirdness & Mutations

You are immune to sickness and miasma.
Your stone body is resilient. (AC +3)
You are immune to poison.
You resist negative energy. (rN+)
You are resistant to electric shocks. (rElec)
You are resistant to unholy torment.
You are immune to petrification.
You have very sharp teeth.
You tend to lose your temper in combat.
You are robust. (+10% HP)


Message History

You kill the adder!
Trog accepts your kill.
It was a potion of degeneration.
There was something very wrong with that liquid.
You feel weakened.
You feel dopey.
You feel clumsy.
Found 13 gold pieces.
Found a stone staircase leading down.
You now have 54 gold pieces (gained 13).
There is a stone staircase leading down here.
You climb downwards.
You hear the sound of rushing water.
There is an entrance to a sewer on this level.
Hurry and find it before the portal rusts away!
The orc shouts! x2; The orc wizard shouts! x2
Found a stone staircase leading up.
There is a stone staircase leading up here.
You open the door.
An iguana comes into view.
The iguana hisses angrily.
The orc wizard gestures at you while chanting.
The puff of flame hits you!
Found 11 gold pieces.
Found a potion of curing.
A quokka comes into view.
There is an open door here.
Found 13 gold pieces.
A scorpion comes into view.
The iguana bites you but does no damage.
Hit: a) +0 falchion
Press: ? - help, Dir - move target, f - quokka
Aim: a quokka (about 57% to evade your +0 falchion)
You hit the quokka.
The quokka is almost dead.
The iguana closely misses you. The quokka bites you.
Hit: a) +0 falchion
Press: ? - help, Dir - move target, f/p - quokka
Aim: a quokka (almost dead, about 57% to evade your +0 falchion)
You barely miss the quokka.
The quokka is almost dead.
The iguana bites you!
You die...

#... ......##
#... ......
#.!.. #.$..##
..$..##.....#
#..........#
#.........##
#.......lr.+
#..o@# #s####
#<...# #..o.#
so..o.#
......<#
...o....#
####.....#
#.....#


You could see a scorpion, an iguana, an orc wizard and a quokka.

Vanquished Creatures
  3 adders
  A worm (D:2)
  A dart slug (D:2)
  An orc (D:3)
  3 ball pythons
  4 endoplasms
  A kobold (D:2)
  2 quokkas
  A bat (D:3)
  2 rats
19 creatures vanquished.

Notes
Turn   | Place    | Note
-------+----------+-------------------------------------------
     0 | D:1      | andesha the Gargoyle Berserker began the quest for the Orb.
     0 | D:1      | Reached XP level 1. HP: 14/14 MP: 1/1
   178 | D:2      | Reached XP level 2. HP: 3/19 MP: 2/2
   197 | D:2      | Gained mutation: You have very sharp teeth. [potion of
                  | mutation]
   197 | D:2      | Gained mutation: You tend to lose your temper in combat.
                  | [potion of mutation]
   197 | D:2      | Gained mutation: You are robust. (+10% HP) [potion of
                  | mutation]
   247 | D:2      | Found a burning altar of Makhleb.
   284 | D:2      | Found a broken altar of Ashenzari.
   308 | D:2      | Reached XP level 3. HP: 11/26 MP: 3/3
   497 | D:3      | Reached skill level 4 in Fighting
   607 | D:4      | Noticed a scorpion
   611 | D:4      | Slain by an iguana

Illustrated notes

Levels and vault maps discovered:
D:1:      lemuel_arrival_river_ford, layout_basic
D:2:      layout_rooms, basic_altar, serial_bayou_pond_d, minmay_hexomino_r4
D:3:      layout_basic, hellmonk_ecumenical_altar_defaced_shrine, uniq_terence,
          uniq_crazy_yiuf_cottage
D:4:      old_forge, layout_gridville, gup_sewer_entry_spiral,
          minmay_manual_monolith

Skill      XL: |  1  2  3 |
---------------+----------+-----
Long Blades    | 3 |  3.4
Fighting       | 4 |  4.2
Armour         | |  2.3
Dodging        | |  1.7

Action                   || total
-------------------------++-------
Melee: Falchion          ||    61
       Bite              ||     2
  Use: Scroll            ||     4
       Potion            ||     3
Armor: Animal skin       ||    34
Dodge: Dodged            ||    34

Table legend: (Time is in decaauts)
 A = Elapsed time spent in this place.
 B = Non-inter-level travel time spent in this place.
 C = Inter-level travel time spent in this place.
 D = Time resting spent in this place.
 E = Time spent auto-exploring this place.
 F = Levels seen in this place.
 G = Mean time per level.
                   A        B        C        D        E       F      G
               +--------+--------+--------+--------+--------+-----+--------+
         Total |    630 |    630 |      0 |      0 |      0 |   4 |  157.5 |
       Dungeon |    630 |    630 |      0 |      0 |      0 |   4 |  157.5 |
               +--------+--------+--------+--------+--------+-----+--------+

Top non-repeatable levels by time:
     D:2: 408 daAuts
     D:3: 153 daAuts
     D:1: 60 daAuts
     D:4: 7 daAuts
